 Dungeon Crawl Stone Soup version 0.31-a0-408-gb642c7f9a3 (webtiles) character file.

Game seed: 17410777324713238595

2 Gelion the Ruffian (level 1, -2/13 HPs)
             Began as an Octopode Shapeshifter on July 29, 2023.
             Slain by a jackal (3 damage)
             ... on level 1 of the Dungeon.
             The game lasted 00:00:12 (113 turns).

Gelion the Ruffian (Octopode Shapeshifter)           Turns: 113, Time: 00:00:12

Health: -2/13      AC:  1    Str: 14    XL:     1   Next: 40%
Magic:  1/1        EV: 13    Int: 10    God:
Gold:   0          SH:  0    Dex: 12    Spells: 0/0 levels left

rFire   . .          .
                       - Unarmed
rCold   . . .        (no shield)
rNeg    . . .        (helmet currently unavailable)
rPois   .            (no amulet)
rElec   .            (no ring)
rCorr   .            (no ring)
SInv    .            (no ring)
Will    .....        (no ring)
Stlth   ++           (no ring)
HPRegen 0.22/turn    (no ring)
MPRegen 0.07/turn    (no ring)
                     (no ring)

%: no passive effects
@: beast-form
A: beast (slay +2), almost no armour, amphibious, 8 rings, camouflage 1,
gelatinous body 1, (nimble swimmer 1), tentacles
a: Begin Untransformation


You were on level 1 of the Dungeon.
You were a hulking beast.
You visited 1 branch of the dungeon, and saw 1 of its levels.

Inventory:

Talismans
 b - a beast talisman
Potions
 a - a potion of lignification


   Skills:
 + Level 1.1 Fighting
 - Level 2.0 Dodging
 + Level 3.0 Unarmed Combat
 * Level 3.0 Shapeshifting


You couldn't memorise any spells.
You didn't know any spells.
Your spell library was empty.

Dungeon Overview and Level Annotations

Branches:
Dungeon (1/15)

Altars:


Innate Abilities, Weirdness & Mutations

You are a hulking beast.
Your limbs bulge with bestial killing power. (Slay +2)
You cannot wear most types of armour.
You are amphibious.
You can wear up to eight rings at the same time.
Your skin changes colour to match your surroundings (Stealth+).
Your rubbery body absorbs attacks. (AC +1, EV +1)
((You are camouflaged when in or above water. (Stealth+)))
You have tentacles for arms and can constrict up to eight enemies at once.


Message History

A frilled lizard is nearby!
A jackal comes into view.
The jackal barks!
You hear a bark!
A jackal comes into view.
A jackal comes into view.
A jackal comes into view.
The frilled lizard hisses angrily.
The jackal barks! x3
You bludgeon the frilled lizard!
You kill the frilled lizard!
You closely miss the jackal. Your grab misses the jackal.
Your squeeze misses the jackal. The jackal closely misses you.
You bludgeon the jackal!
You kill the jackal!
You closely miss the jackal. Your grab misses the jackal.
You tentacle-slap the jackal. Your squeeze misses the jackal.
The jackal is severely wounded.
The jackal misses you. The jackal bites you. The jackal misses you.
You barely miss the jackal. Your grab misses the jackal.
The jackal is severely wounded.
The jackal bites you. The jackal barely misses you.
You closely miss the jackal. Your grab misses the jackal.
Your squeeze misses the jackal.
The jackal is severely wounded.
The jackal barely misses you. The jackal misses you. The jackal bites you.
You tentacle-slap the jackal. Your grab misses the jackal.
The jackal is almost dead.
The jackal bites you. x2
The jackal bites you but does no damage.
The jackal closely misses you. x2
The jackal bites you but does no damage.
You are too injured to fight recklessly!
The jackal attacks as you move away! The jackal misses you.
The jackal attacks as you move away! The jackal bites you.
* * * LOW HITPOINT WARNING * * *
The jackal attacks as you move away! The jackal bites you.
* * * LOW HITPOINT WARNING * * *
The jackal attacks as you move away! The jackal completely misses you.
The jackal barely misses you. The jackal attacks as you move away!
The jackal bites you.
You die...

#. #........# #.
#.......## #.
##......###### ###.###
#....#......## #.....#
#.#.##..###..#
#...(.####.#......###.#
#............###~~###..
#...hh####.#~#8~#.~~##.
#.....h....#~~.~~###~~.
#.##########~#~...~##~.
#. #.~#..~..#..
#.##########..#.~.~~'..
.........##~~#_.~..'~.
.#######.##.~#~~~~.'..
#....~#~.~..#~.
###.~##.~~~##~.
##~#~~###~~.#


You could see 2 jackals.

Vanquished Creatures
  A jackal (D:1)
  A frilled lizard (D:1)
  A spectral kobold (D:1)
3 creatures vanquished.

Notes
Turn   | Place    | Note
-------+----------+-------------------------------------------
     0 | D:1      | Gelion the Octopode Shapeshifter began the quest for the
                  | Orb.
     0 | D:1      | Reached XP level 1. HP: 13/13 MP: 1/1
    53 | D:1      | Found a faded altar of an unknown god.
   113 | D:1      | Slain by a jackal

Illustrated notes

Levels and vault maps discovered:
D:1:      amcnicky_arrival_single_pillar, layout_loops_ring, serial_glass,
          glass_columns_b, glass_columns_a,
          dreamdust_ecumenical_altar_drowned_temple, kennysheep_flooded_box

Action                     || total
---------------------------++-------
  Melee: Unarmed           ||    10
         Punch             ||     1
         Tentacles         ||     1
 Armour: Skin              ||     3
  Dodge: Dodged            ||    12

Table legend: (Time is in decaauts)
 A = Elapsed time spent in this place.
 B = Non-inter-level travel time spent in this place.
 C = Inter-level travel time spent in this place.
 D = Time resting spent in this place.
 E = Time spent auto-exploring this place.
 F = Levels seen in this place.
 G = Mean time per level.
                   A        B        C        D        E       F      G
               +--------+--------+--------+--------+--------+-----+--------+
         Total |    112 |    112 |      0 |      0 |     91 |   1 |  112.0 |
       Dungeon |    112 |    112 |      0 |      0 |     91 |   1 |  112.0 |
               +--------+--------+--------+--------+--------+-----+--------+

Top non-repeatable levels by time:
     D:1: 112 daAuts
